 Dungeon Crawl Stone Soup version 0.31-a0-700-gf13585253f (webtiles) character file.

Game seed: 1836343000111250771

2 javelincjr the Caller (level 1, 0/11 HPs)
             Began as an Octopode Summoner on Sept 7, 2023.
             Succumbed to a kobold's poison
             ... on level 1 of the Dungeon.
             The game lasted 00:00:26 (165 turns).

javelincjr the Caller (Octopode Summoner)            Turns: 165, Time: 00:00:27

Health: 0/11       AC:  1    Str:  7    XL:     1   Next: 40%
Magic:  1/3        EV: 13    Int: 17    God:
Gold:   31         SH:  0    Dex: 12    Spells: 3/4 levels left

rFire   . . .        (no weapon)
rCold   . . .        (no shield)
rNeg    . . .        (helmet restricted)
rPois   .            (no amulet)
rElec   .            (no ring)
rCorr   .            (no ring)
SInv    .            (no ring)
Will    .....        (no ring)
Stlth   +++          (no ring)
HPRegen 0.21/turn    (no ring)
MPRegen 0.08/turn    (no ring)
                     (no ring)

%: no passive effects
@: lethally poisoned (0 -> -4)
A: almost no armour, amphibious, 8 rings, camouflage 1, gelatinous body 1,
(nimble swimmer 1), tentacles
a: no special abilities


You were on level 1 of the Dungeon.
You visited 1 branch of the dungeon, and saw 1 of its levels.

You collected 31 gold pieces.

Inventory:

Scrolls
 b - a scroll of identify {unknown}
Potions
 a - a potion of magic


   Skills:
 + Level 2.0 Dodging
 + Level 2.8 Stealth
 + Level 2.0 Spellcasting
 + Level 4.0 Summonings


You had 3 spell levels left.
You knew the following spells:

 Your Spells              Type           Power      Damage    Failure   Level
a - Summon Small Mammal   Summ           60%        N/A       3%          1

Your spell library contained the following spells:

 Spells                   Type           Power      Damage    Failure   Level
 Call Imp                 Summ           30%        N/A       5%          2
 Call Canine Familiar     Summ           15%        N/A       11%         3
 Summon Guardian Golem    Hex/Summ       8%         N/A       26%         3
 Summon Lightning Spire   Summ/Air       8%         N/A       63%         4


Dungeon Overview and Level Annotations

Branches:
Dungeon (1/15)

Altars:


Innate Abilities, Weirdness & Mutations

You cannot wear most types of armour.
You are amphibious.
You can wear up to eight rings at the same time.
Your skin changes colour to match your surroundings (Stealth+).
Your rubbery body absorbs attacks. (AC +1, EV +1)
((You are camouflaged when in or above water. (Stealth+)))
You have tentacles for arms and can constrict up to eight enemies at once.


Message History

A kobold comes into view. It is wielding a +0 dagger of venom.
The bat moves out of view.
Found 3 stones and a spear.
The bat completely misses you. The bat misses you.
Your bat closely misses the bat.
A quokka comes into view.
The bat hits you but does no damage.
There is an open door here.
The bat barely misses you.
Your bat closely misses the quokka.
Your bat hits the quokka.
Your bat closely misses the quokka.
The bat barely misses you. The quokka bites you.
The kobold hits you with a +0 dagger of venom.
Your bat barely misses the bat.
The bat closely misses your bat.
You miss the quokka. Your grab misses the quokka.
The quokka is moderately wounded.
Your bat hits the quokka but does no damage.
The bat hits you but does no damage.
Your bat closely misses the quokka.
The bat hits your bat but does no damage.
The quokka barely misses you.
The kobold hits you with a +0 dagger of venom.
You are lethally poisoned!
Your bat closely misses the bat.
The bat closely misses your bat.
You are too injured to fight recklessly!
You are too injured to fight recklessly!
You swap places.
* * * LOW HITPOINT WARNING * * *
You feel sick.
Your bat hits the quokka. The bat hits your bat.
Your quokka misses the bat.
Your bat closely misses the quokka.
The bat barely misses your bat. The quokka barely misses your bat.
The bat misses your bat.
The kobold hits your quokka with a +0 dagger of venom.
Your quokka is poisoned.
Your quokka barely misses the bat.
* * * LOW HITPOINT WARNING * * *
You feel sick.
Your bat misses the kobold. The bat hits you but does no damage.
Your quokka misses the bat.
Your bat closely misses the bat.
The kobold barely misses your quokka.
There is an open door here.
Okay, then.
You die...

......#...
##........#
.........+
#.)......#
#.bK(....# #
#br....... ..
# #..r......
#.#
##+#'######..
#..
#...@.....#
##.
#.........#
#.
#.........#
##
#.........#
##.........#
#..........#
#..........#
#..........#
#..........#


You could see a bat (ally target), a kobold (ally target), a friendly quokka
(summoned, very poisoned) and a friendly bat (summoned).

Vanquished Creatures
  2 ball pythons (D:1)
  2 rats (D:1)
4 creatures vanquished.

Notes
Turn   | Place    | Note
-------+----------+-------------------------------------------
     0 | D:1      | javelincjr the Octopode Summoner began the quest for the
                  | Orb.
     0 | D:1      | Reached XP level 1. HP: 11/11 MP: 3/3
   165 | D:1      | Succumbed to a kobold's poison

Illustrated notes

Levels and vault maps discovered:
D:1:      orjb1_lava_funnel, layout_basic

Action                     || total
---------------------------++-------
  Melee: Unarmed           ||     9
         Constrict         ||     4
         Tentacles         ||     1
   Cast: Summon Small Mamm ||     8
   Stab: Sleeping          ||     1
 Armour: Skin              ||     8
  Dodge: Dodged            ||    11

Table legend: (Time is in decaauts)
 A = Elapsed time spent in this place.
 B = Non-inter-level travel time spent in this place.
 C = Inter-level travel time spent in this place.
 D = Time resting spent in this place.
 E = Time spent auto-exploring this place.
 F = Levels seen in this place.
 G = Mean time per level.
                   A        B        C        D        E       F      G
               +--------+--------+--------+--------+--------+-----+--------+
         Total |    165 |    165 |      0 |      0 |    119 |   1 |  165.0 |
       Dungeon |    165 |    165 |      0 |      0 |    119 |   1 |  165.0 |
               +--------+--------+--------+--------+--------+-----+--------+

Top non-repeatable levels by time:
     D:1: 165 daAuts
